 Dungeon Crawl Stone Soup version 0.31-a0-1074-g0b22e4e0f1 (webtiles) character file.

Game seed: 1677781489002540050

5624 drugrobin the Basher (level 10, -8/118 HPs)
             Began as a Demigod Delver on Dec 3, 2023.
             Killed from afar by an efreet (16 damage)
             ... with a fireball
             ... on level 8 of the Dungeon.
             The game lasted 00:31:36 (10483 turns).

drugrobin the Basher (Demigod Delver)              Turns: 10483, Time: 00:31:37

Health: -8/118     AC:  4    Str: 21    XL:     10   Next: 22%
Magic:  19/22      EV: 12    Int: 18    God:
Gold:   389        SH:  5    Dex: 19    Spells: 12/19 levels left

rFire   . . .        a - +2 eveningstar (holy)
rCold   + . .        (no shield)
rNeg    . . .        k - +0 robe {rC+}
rPois   .            (no helmet)
rElec   .            (no cloak)
rCorr   .            y - +0 pair of gloves
SInv    +            E - +0 pair of boots
Will    +....        v - amulet of reflection Stlth
                     q - ring of see invisible
HPRegen 0.39/turn    N - +6 ring of intelligence
MPRegen 0.18/turn

%: reflection
@: berserking, very slightly contaminated, very quick
A: high MP 1, forlorn, divine attributes
a: no special abilities


You were on level 8 of the Dungeon.
You visited 1 branch of the dungeon, and saw 9 of its levels.
You also visited: Sewer.

You collected 579 gold pieces.
You spent 190 gold pieces at shops.

Inventory:

Hand Weapons
 a - a +2 eveningstar of holy wrath (weapon)
 b - a +1 whip of electrocution
Missiles
 w - 11 javelins (quivered)
 P - 13 poisoned darts
Armour
 k - a +0 robe of cold resistance (worn)
 t - an orb of wrath
 y - a +0 pair of gloves (worn)
 E - a +0 pair of boots (worn)
 I - an orb of mayhem
 J - a +0 plate armour
Magical Staves
 d - a staff of poison
Jewellery
 q - a ring of see invisible (left hand)
 v - an amulet of reflection (around neck)
 x - a ring of willpower
 H - a ring of protection from cold
 N - a +6 ring of intelligence (right hand)
Talismans
 o - a serpent talisman
Wands
 g - a wand of digging (3)
 i - a wand of iceblast (1)
 O - a wand of flame (18)
Scrolls
 c - 2 scrolls of fog
 l - 3 scrolls of teleportation
 n - 3 scrolls of blinking
 r - 2 scrolls of acquirement
 z - a scroll of noise {unknown}
 G - a scroll of poison
 K - a scroll of revelation
 L - 2 scrolls of enchant armour {unknown}
 M - a scroll of fear
Potions
 e - a potion of resistance
 f - 3 potions of haste
 j - a potion of berserk rage
 m - a potion of attraction
 p - 3 potions of heal wounds
 s - 2 potions of might
 u - 2 potions of magic
 A - a potion of brilliance
 B - 3 potions of curing
 D - a potion of invisibility {unknown}
 F - 2 potions of lignification


   Skills:
 + Level 4.3 Fighting
 * Level 12.0 Maces & Flails
 - Level 1.7 Dodging
 - Level 4.5 Stealth
 + Level 5.4 Spellcasting
 - Level 4.0 Evocations


You had 12 spell levels left.
You knew the following spells:

 Your Spells              Type           Power      Damage    Failure   Level
a - Freeze                Ice            16%        1d4       13%         1
b - Poisonous Vapours     Pois/Air       8%         N/A       19%         2
c - Sting                 Tmut/Pois      16%        1d3       13%         1
d - Swiftness             Air            4%         N/A       36%         3

Your spell library contained the following spells:

 Spells                   Type           Power      Damage    Failure   Level
 Shock                    Conj/Air       16%        1d4       13%         1
 Dazzling Flash           Conj/Hex       8%         N/A       36%         3
 Frozen Ramparts          Ice            8%         1d2       36%         3
 Hailstorm                Conj/Ice       4%         3d4       36%         3
 Volatile Blastmotes      Fire/Tloc      8%         2d10      36%         3
 Airstrike                Air            2%         2d(1-17)  77%         4
 Olgreb's Toxic Radiance  Pois           4%         N/A       77%         4
 Starburst                Conj/Fire      2%         6d3       100%        6
 Maxwell's Capacitive Co  Air            2%         ∞         100%        8


Dungeon Overview and Level Annotations

Branches:
Dungeon (9/15)             Temple (0/1) D:6            Lair (0/5) D:8
  Sewer (visited)
    Orc: D:9-12

Shops:
D:1 *   D:3 =*?   D:6 ?   D:8 =*

Portals:
Abyss: D:4

Annotations:
D:4 2 transporters, croobank's ghost, weakling HuDe
D:7 exclusion: downstairs


Innate Abilities, Weirdness & Mutations

You have an increased reservoir of magic. (+10% MP)
You shall have no god before yourself.
Your divine heritage dramatically boosts your attributes as you level up.


Message History

Aiming: Sting (safe; 13% risk of failure)
Press: ? - help, Shift-Dir - straight line, f/p - efreet
Aim: an efreet, wielding a +1 scimitar of flaming (lightly wounded, poisoned, 89% to hit)
You feel a surge of power!
The sting hits the efreet but does no damage.
The efreet looks even sicker.
The efreet is lightly wounded.
Unknown command.
Unknown command.
Aiming: Iceblast
Press: ? - help, Shift-Dir - straight line, f/p - efreet
Aim: an efreet, wielding a +1 scimitar of flaming (lightly wounded, very poisoned)
The mass of ice explodes!
The iceblast engulfs the efreet!
The efreet is frozen!
The efreet is moderately wounded.
Unknown command.
Unknown command.
Aiming: Iceblast
Press: ? - help, Shift-Dir - straight line, p - efreet
Okay, then.
Unknown command.
Okay, then.
Unknown command.
Your +2 eveningstar of holy wrath softly glows with a divine radiance!
a - a +2 eveningstar of holy wrath (weapon)
Unknown command.
Unknown command.
A red film seems to cover your vision as you go berserk!
You feel yourself moving faster!
You feel mighty!
The efreet hits you with a +1 scimitar of flaming!
* * * LOW HITPOINT WARNING * * *
The efreet burns you.
* * * LOW HITPOINT WARNING * * *
Unknown command.
Unknown command.
You hit the efreet.
The efreet convulses.
The efreet is heavily wounded.
The efreet gestures at you.
The fireball explodes!
The fireball engulfs you!
You die...

#...............###.............
##.....##.................#####..
#.....#####....#.....###..# #...
...#...## #....##...## ##.####..#
...###..###...####..# #..##..##
##..###...#...# ##..# #..##..#
#..# ##.....## #°..# #..#..##
##.# ##...>..###R.## ##)..##
#.###†.####.÷#@..# ####.##..##
#....### ###.#..###.....##..#
###.## ####..#..###.###.## ###
#.##..# ##.###.# #.###.# ##.###.
### #.# ### ## ###


You could see an efreet (poisoned).

Vanquished Creatures
  Pikel (D:3)
  Jeremiah (D:6)
  13 yaks
  A steam dragon (D:8)
  Menkaure (D:6)
  2 water moccasins
  2 sky beasts (D:7)
  A black bear (D:5)
  A centaur (D:8)
  5 ogres
  A phantom (D:5)
  Blork the orc (D:6)
  A kobold brigand (D:7)
  A scorpion (D:6)
  A bullfrog (D:7)
  A howler monkey (D:6)
  A jelly (D:7)
  A gnoll bouda (D:2)
  9 orc priests
  7 hounds
  A sleepcap (D:6)
  Ijyb (D:3)
  Natasha (thrice) (D:2)
  13 orc wizards
  3 iguanas
  13 gnolls
  5 adders
  A shadow imp (D:7)
  A white imp (D:8)
  4 ufetubi
  4 worms
  A dart slug (D:5)
  36 orcs
  4 ball pythons
  9 bats
  3 endoplasms
  2 giant cockroaches
  3 goblins (D:3)
  9 hobgoblins
  8 jackals
  A quokka (D:1)
  4 frilled lizards (D:1)
  4 kobolds
  2 rats
187 creatures vanquished.

Notes
Turn   | Place    | Note
-------+----------+-------------------------------------------
     0 | D:5      | drugrobin the Demigod Delver began the quest for the Orb.
     0 | D:5      | Reached XP level 1. HP: 18/18 MP: 3/3
     3 | D:5      | Noticed an ogre
    67 | D:4      | Noticed Ijyb
    81 | D:3      | Killed Ijyb
    82 | D:3      | Reached skill level 3 in Maces & Flails
    82 | D:3      | Reached XP level 2. HP: 9/25 MP: 4/4
    92 | D:3      | Found Beepoez's Magic Scroll Boutique.
    98 | D:3      | Found Meuschej's Assorted Antiques.
   101 | D:3      | Bought a scroll of identify for 20 gold pieces
   151 | D:3      | HP: 1/25 [worm (10)]
   212 | D:4      | Reached XP level 3. HP: 16/30 MP: 5/5
   239 | D:4      | Found a transporter.
   276 | D:5      | Reached skill level 4 in Maces & Flails
   276 | D:5      | Reached XP level 4. HP: 37/37 MP: 6/6
   328 | D:5      | Found a glowing drain.
   334 | Sewer    | Entered a sewer
   438 | Sewer    | Reached skill level 5 in Maces & Flails
   464 | Sewer    | Identified a scroll of acquirement
   466 | Sewer    | Acquired a +0 eveningstar of holy wrath
   480 | Sewer    | Noticed a water moccasin
   486 | Sewer    | Killed a water moccasin
   487 | Sewer    | Reached XP level 5. HP: 42/42 MP: 7/7
   621 | D:5      | Reached skill level 6 in Maces & Flails
   624 | D:5      | Reached XP level 6. HP: 8/50 MP: 8/8
   805 | D:5      | Learned a level 1 spell: Freeze
   876 | D:5      | HP: 2/50 [black bear (4)]
  1239 | D:3      | Found Qyotheph's Jewellery Shoppe.
  1413 | D:3      | Reached skill level 7 in Maces & Flails
  2294 | D:1      | Found Rakeo's General Store.
  2319 | D:1      | Bought a potion of might for 40 gold pieces
  2319 | D:1      | Bought a potion of lignification for 30 gold pieces
  2319 | D:1      | Bought a scroll of poison for 40 gold pieces
  2546 | D:1      | Reached XP level 7. HP: 56/56 MP: 9/9
  2967 | D:2      | Noticed Natasha
  2975 | D:2      | Killed Natasha
  3028 | D:2      | Learned a level 2 spell: Poisonous Vapours
  3030 | D:2      | Learned a level 1 spell: Sting
  3058 | D:2      | Noticed Natasha
  3075 | D:2      | Killed Natasha
  3258 | D:2      | Noticed Natasha
  3273 | D:2      | Killed Natasha
  3445 | D:4      | Found a transporter.
  3445 | D:4      | Noticed a small abomination
  3544 | D:4      | Reached skill level 8 in Maces & Flails
  3869 | D:4      | Found a one-way gate to the infinite horrors of the Abyss.
  3869 | D:4      | Noticed croobank's ghost (weakling HuDe)
  3894 | D:4      | Noticed Pikel
  3917 | D:3      | Killed Pikel
  3918 | D:3      | Reached XP level 8. HP: 36/62 MP: 10/15
  4407 | D:5      | Reached skill level 9 in Maces & Flails
  4625 | D:5      | Identified the +0 leather armour "Kaguaxzu" {Harm Will-
                  | Str-4 Slay+4}
  5356 | D:6      | Noticed Blork the orc
  5387 | D:6      | Killed Blork the orc
  5483 | D:6      | Noticed Jeremiah
  5539 | D:6      | Reached skill level 1 in Evocations
  5670 | D:6      | Found Hujifoum's Magic Scroll Shop.
  5679 | D:6      | Bought a scroll of identify for 20 gold pieces
  5679 | D:6      | Bought a scroll of identify for 20 gold pieces
  5679 | D:6      | Bought a scroll of identify for 20 gold pieces
  5728 | D:6      | Reached XP level 9. HP: 55/68 MP: 16/19
  5734 | D:6      | Reached skill level 10 in Maces & Flails
  5935 | D:6      | Noticed Menkaure
  5939 | D:6      | Killed Menkaure
  5988 | D:6      | Found a staircase to the Ecumenical Temple.
  6163 | D:6      | Killed Jeremiah
  6839 | D:7      | Reached skill level 11 in Maces & Flails
  7254 | D:7      | Learned a level 3 spell: Swiftness
  8025 | D:8      | Found a staircase to the Lair.
  8383 | D:8      | Found Tuoniloyla's Jewellery Emporium.
  9010 | D:8      | Noticed an efreet
  9293 | D:8      | Reached skill level 5 in Spellcasting
  9335 | D:8      | Reached XP level 10. HP: 10/78 MP: 21/21
  9650 | D:8      | Found Gawuuxif's Lightly-Used Armoury.
 10253 | D:8      | Reached skill level 12 in Maces & Flails
 10483 | D:8      | Killed from afar by an efreet

Illustrated notes

Levels and vault maps discovered:
D:1:      shiori_shiawase, layout_loops_ring, serial_shops, shop,
          grunt_decor_resistance
D:2:      layout_basic, basic_altar, cheibrodos_gnoll_hut, uniq_natasha
D:3:      layout_basic, nicolae_tso_carved_into_rock, serial_shops, shop,
          nicolae_shop_advertising_works [nicolae_subvault_shop_adworks],
          nicolae_lakefront_shop, nrook_loot_triangle,
          hangedman_abyss_or_decor_stabs, hex_tiny
D:4:      layout_rooms, gammafunk_ghost_abyssal_escape, eino_tiny_chamber,
          st_stairs_5, minivault_19, minivault_1, kennysheep_generic_room_5,
          uniq_ijyb, uniq_pikel
D:5:      layout_basic, grunt_gozag_statues, cheibrodos_sewer_entry_bend,
          chequers_garden, grunt_tough_drop
D:6:      layout_gridville, minmay_temple_entry_ruins, serial_shops, shop,
          kennysheep_donut, uniq_menkaure, uniq_jeremiah, uniq_blork_the_orc
D:7:      layout_basic
D:8:      layout_layer_cave, lair_entry_dummy, serial_shops, shop,
          minmay_shop_damaged, nicolae_underground_beach
D:9:      layout_irregular_city, minmay_overflow_temple_star_hex,
          minmay_orc_entry_guard_dogs, minmay_statue_bubble, uniq_maggie,
          uniq_psyche

Skill      XL: |  1  2  3  4  5  6  7  8  9 10 |
---------------+-------------------------------+-----
Maces & Flails | 3 4 5 6 7 8 9 11 12 | 12.0
Spellcasting   | 3 4 5 |  5.4
Evocations     | 2 4 |  4.0
Fighting       | 3 4 |  4.3
Dodging        | |  1.7
Stealth        | |  4.5

Action                     |  1- 3 |  4- 6 |  7- 9 | 10-12 || total
---------------------------+-------+-------+-------+-------++-------
  Melee: Dagger            |    23 |    33 |       |       ||    56
         Mace              |     2 |       |       |       ||     2
         Punch             |     1 |     1 |     7 |       ||     9
         Eveningstar       |       |   130 |   160 |    32 ||   322
         Whip              |       |       |   128 |       ||   128
         Staff             |       |       |    69 |       ||    69
  Throw: Javelin           |       |       |     9 |       ||     9
         Throwing net      |       |       |     1 |       ||     1
   Cast: Freeze            |       |     2 |       |       ||     2
         Poisonous Vapours |       |       |    74 |       ||    74
         Sting             |       |       |    50 |     2 ||    52
  Evoke: Wand              |       |     5 |     4 |     1 ||    10
    Use: Scroll            |     1 |     5 |     8 |     3 ||    17
         Potion            |       |       |       |     2 ||     2
   Stab: Sleeping          |       |     7 |     3 |     1 ||    11
 Armour: Leather armour    |    17 |   120 |   108 |       ||   245
         Plate armour      |       |       |     2 |       ||     2
         Robe              |       |       |    33 |    20 ||    53
  Dodge: Dodged            |    18 |   136 |   153 |    12 ||   319
  Block: Other             |       |     6 |    53 |     7 ||    66
         Reflection        |       |       |     1 |       ||     1

Table legend: (Time is in decaauts)
 A = Elapsed time spent in this place.
 B = Non-inter-level travel time spent in this place.
 C = Inter-level travel time spent in this place.
 D = Time resting spent in this place.
 E = Time spent auto-exploring this place.
 F = Levels seen in this place.
 G = Mean time per level.
                   A        B        C        D        E       F      G
               +--------+--------+--------+--------+--------+-----+--------+
         Total |  10457 |   9660 |    797 |   1661 |   5547 |  10 | 1045.7 |
       Dungeon |  10264 |   9467 |    797 |   1588 |   5547 |   9 | 1140.4 |
         Sewer |    193 |    193 |      0 |     73 |      0 |   1 |  193.0 |
               +--------+--------+--------+--------+--------+-----+--------+

Top non-repeatable levels by time:
     D:8: 2136 daAuts
     D:5: 1667 daAuts
     D:7: 1329 daAuts
     D:6: 1302 daAuts
     D:4: 1260 daAuts
     D:3: 927 daAuts
     D:2: 913 daAuts
     D:1: 701 daAuts
   Sewer: 193 daAuts
     D:9: 25 daAuts
